AoeStats
← in440591

Oasis

508359717Analyzed
3v3 RM · 9d ago on Sep 22, 2026· 66m 40s· 6 players
Game mode
Random Map
Map size
Normal (6 player)
Population
200
Speed
Normal
Resources
Standard
Victory
Conquest
Starting age
Dark Age
Ending age
Imperial Age
RankedLock teamsTeams togetherTeam positionsShared explorationLock speedFull tech treeHidden civsTurbo modeCheats
Victory
Defeat
🇦🇺 Spanish · Australia
754
+20
🇧🇷 Malians · Brazil
675
+23
🇦🇺 Huns · Australia
632
+24
🇨🇳 Franks · China
860
-23
🇨🇴 Armenians · Colombia
833
-22
🇦🇷 Celts · Argentina
817
-22
passoswalli
13:10 Feudal Age
14:38 Horse Collar
20:10 Castle Age
29:55 Wheelbarrow
30:39 Double-Bit Axe
31:54 Heavy Plow
32:08 Bow Saw
35:00 Imperial Age
33:33 Hand Cart
37:49 Farimba
37:14 Light Cavalry
37:24 Light Cavalry
38:14 Bloodlines
38:05 Husbandry
38:55 Forging
38:52 Scale Barding Armor
39:48 Crop Rotation
40:14 Iron Casting
41:15 Man-at-Arms
42:36 Chain Barding Armor
44:09 Plate Barding Armor
45:28 Long Swordsman
52:05 Cavalier
52:12 Heavy Camel Rider
The Ripster
10:40 Feudal Age
13:36 Double-Bit Axe
24:26 Castle Age
22:49 Fletching
25:22 Bow Saw
28:49 Bodkin Arrow
32:17 Imperial Age
30:29 Pikeman
31:12 Squires
31:45 Town Watch
35:40 Cavalier
39:51 Bloodlines
39:23 Halberdier
42:08 Town Patrol
42:45 Wheelbarrow
41:57 Loom
43:31 Gold Mining
44:47 Two-Man Saw
44:56 Conscription
46:48 Elite Conquistador
49:52 Hand Cart
50:18 Husbandry
50:40 Horse Collar
52:29 Paladin
60:55 Bracer
60:56 Padded Archer Armor
23a.mora
14:18 Feudal Age
14:45 Horse Collar
14:53 Double-Bit Axe
15:00 Gold Mining
15:04 Stone Mining
20:35 Castle Age
20:14 Forging
20:05 Scale Mail Armor
20:10 Scale Barding Armor
20:53 Scale Barding Armor
21:31 Bow Saw
21:26 Heavy Plow
22:05 Gold Shaft Mining
22:00 Caravan
23:35 Wheelbarrow
25:51 Chain Barding Armor
26:08 Iron Casting
25:49 Chain Mail Armor
26:19 Hand Cart
29:03 Husbandry
29:09 Marauders
34:46 Imperial Age
32:21 Light Cavalry
35:50 Conscription
34:54 Elite Tarkan
37:09 Atheism
40:02 Plate Barding Armor
40:37 Two-Man Saw
40:49 Blast Furnace
42:05 Town Watch
42:10 Loom
44:31 Cavalier
46:07 Paladin
Kev003nAn
0:27 Loom
13:01 Feudal Age
14:28 Man-at-Arms
15:08 Long Swordsman
16:49 Double-Bit Axe
20:21 Forging
20:29 Scale Mail Armor
21:58 Horse Collar
26:45 Castle Age
25:11 Gold Mining
25:54 Fletching
26:04 Padded Archer Armor
27:54 Bow Saw
27:31 Elite Skirmisher
27:34 Two-Handed Swordsman
28:00 Gambesons
28:16 Squires
28:01 Arson
30:45 Wheelbarrow
29:57 Town Watch
31:22 Bodkin Arrow
31:43 Chain Mail Armor
33:57 Pikeman
35:36 Iron Casting
35:16 Leather Archer Armor
43:27 Hand Cart
43:30 Caravan
48:04 Imperial Age
47:39 Halberdier
50:02 Conscription
50:25 Cilician Fleet
49:44 Elite Composite Bowman
50:37 Fereters
53:06 Blast Furnace
52:36 Plate Mail Armor
52:07 Bracer
52:38 Ring Archer Armor
53:27 Fortified Wall
elnano4cchi
3:34 Loom
11:10 Feudal Age
21:06 Castle Age
20:12 Double-Bit Axe
20:26 Gold Mining
21:05 Horse Collar
21:19 Stone Mining
23:03 Bow Saw
26:44 Ballistics
27:22 Fortified Wall
33:28 Wheelbarrow
33:43 Wheelbarrow
33:14 Pikeman
35:03 Hand Cart
35:54 Gold Shaft Mining
35:58 Stone Shaft Mining
35:27 Heavy Plow
39:34 Imperial Age
37:43 Forging
37:34 Scale Mail Armor
39:40 Heavy Scorpion
42:07 Furor Celtica
42:07 Siege Engineers
42:12 Halberdier
43:27 Masonry
45:07 Iron Casting
44:33 Scale Mail Armor
48:22 Blast Furnace
47:37 Chain Mail Armor
50:03 Caravan
50:16 Guilds
51:19 Treadmill Crane
51:36 Murder Holes
53:43 Chain Mail Armor
55:50 Arson
56:56 Capped Ram
58:26 Siege Ram
60:31 Conscription
59:32 Elite Woad Raider
60:48 Hoardings
62:39 Plate Mail Armor
62:18 Scale Barding Armor
62:42 Husbandry
62:03 Cavalier
64:00 Paladin
66:08 Stronghold
in440591
0:35 Loom
12:07 Feudal Age
19:24 Castle Age
32:28 Imperial Age
30:07 Gold Mining
30:06 Double-Bit Axe
31:30 Bow Saw
32:00 Wheelbarrow
33:21 Hand Cart
34:03 Gold Shaft Mining
35:08 Forging
35:04 Scale Barding Armor
35:05 Husbandry
34:26 Cavalier
34:33 Cavalier
36:25 Iron Casting
36:10 Fletching
36:20 Padded Archer Armor
35:56 Paladin
37:01 Chain Barding Armor
36:39 Fletching
36:50 Padded Archer Armor
37:12 Chain Barding Armor
37:16 Caravan
37:18 Bodkin Arrow
37:50 Chivalry
39:00 Blast Furnace
40:05 Plate Barding Armor
38:57 Elite Skirmisher
41:00 Leather Archer Armor
40:46 Scale Mail Armor
42:48 Chain Mail Armor
44:22 Ballistics
44:13 Fortified Wall
52:26 Chemistry
51:22 Murder Holes
55:21 Arson
55:38 Squires
54:59 Pikeman
56:10 Plate Mail Armor
57:24 Halberdier
Connection lost

Rejoining the realm…

Still unreachable

The connection could not be restored.

Session expired

The server has moved on; the page needs a fresh start.